 Dungeon Crawl Stone Soup version 0.29.1-15-g9cfb28693d (webtiles) character file.

Game seed: 15251851724278935306

305 protoss039 the Digger (level 6, -4/46 HPs)
             Began as a Demonspawn Earth Elementalist on Mar 8, 2023.
             Slain by Pikel
             ... wielding a +1 whip of flaming
              (5 damage)
             ... on level 4 of the Dungeon.
             The game lasted 00:08:02 (4514 turns).

protoss039 the Digger (DsEE)                        Turns: 4514, Time: 00:08:03

Health: -4/46      AC: 12    Str:  8    XL:     6   Next: 15%
Magic:  10/10      EV: 11    Int: 19    God:
Gold:   25         SH:  4    Dex: 13    Spells: 5/11 levels left

rFire   x . .      SeeInvis .   w - +3 hand axe
rCold   + . .      Faith    .   o - +0 buckler
rNeg    + . .      Spirit   .   x - +3 leather armour {rN+}
rPois   +          Reflect  .   l - +1 helmet
rElec   .          Harm     .   (no cloak)
rCorr   .          Rampage  .   (no gloves)
Will    .....                   e - +0 pair of boots
Stlth   ++........              (no amulet)
HPRegen 0.15/turn               h - ring of ice
MPRegen 0.24/turn               r - ring of poison resistance

@: about to teleport, weak-willed, attractive
A: slimy green scales 2, magic regeneration, weakness stinger 1
a: no special abilities


You were on level 4 of the Dungeon.
You visited 1 branch of the dungeon, and saw 4 of its levels.

You collected 103 gold pieces.
You spent 78 gold pieces at shops.

Inventory:

Hand Weapons
 w - a +3 hand axe (weapon)
Missiles
 f - 5 atropa-tipped darts (quivered)
Armour
 e - a +0 pair of boots (worn)
 l - a +1 helmet (worn)
 o - a +0 buckler (worn)
 x - a +3 leather armour of positive energy (worn)
Jewellery
 h - a ring of ice (left hand)
 r - a ring of poison resistance (right hand)
Scrolls
 n - a scroll of identify
 u - a scroll of amnesia
 y - a scroll of silence {unknown}
Potions
 a - 2 potions of lignification {unknown}
 b - 3 potions of magic
 d - 2 potions of heal wounds
 k - a potion of mutation {unknown}
 p - a potion of brilliance {unknown}
 v - 2 potions of curing
 z - a potion of ambrosia {unknown}


   Skills:
 + Level 2.6 Fighting
 + Level 1.6 Armour
 - Level 1.7 Dodging
 - Level 1.7 Stealth
 + Level 1.5 Shields
 + Level 3.3 Spellcasting
 + Level 1.1 Conjurations
 - Level 0.8 Transmutations
 + Level 3.9 Earth Magic


You had 5 spell levels left.
You knew the following spells:

 Your Spells              Type           Power      Damage    Failure   Level
a - Sandblast             Erth           36%        2d10      5%          1
b - Passwall              Tmut/Erth      10%        N/A       16%         2
c - Stone Arrow           Conj/Erth      24%        3d8       30%         3

Your spell library contained the following spells:

 Spells                   Type           Power      Damage    Failure   Level
 Slow                     Hex            12%        N/A       28%         1
 Summon Small Mammal      Summ           12%        N/A       28%         1
 Wereblood                Tmut           6%         N/A       30%         2
 Sublimation of Blood     Necr           3%         N/A       41%         2
 Call Canine Familiar     Summ           3%         N/A       65%         3
 Confusing Touch          Hex            3%         N/A       65%         3
 Summon Guardian Golem    Hex/Summ       3%         N/A       65%         3
 Vampiric Draining        Necr           3%         2d6       65%         3
 Petrify                  Tmut/Erth      12%        N/A       71%         4
 Hailstorm                Conj/Ice       7%         3d4       92%         4
 Ice Form                 Ice/Tmut       7%         N/A       93%         4
 Simulacrum               Ice/Necr       2%         N/A       100%        6
 Summon Hydra             Summ           1%         N/A       100%        7


Dungeon Overview and Level Annotations

Branches:
Dungeon (4/15) Zot: 19408
 Temple: D:4-7

Altars:

Shops:
D:2 ?   D:4 !

Annotations:
D:4 Pikel


Innate Abilities, Weirdness & Mutations

You are mostly covered in slimy green scales. (AC +3)
You regenerate magic rapidly.
You have a small tail.


Message History

Unknown command.
Casting: Sandblast (safe; 5% risk of failure)
Confirm with . or Enter, or press ? or * to list all spells.
Aiming: Sandblast (safe; 5% risk of failure)
Press: ? - help, Shift-Dir - straight line, f/p - Pikel
Aim: Pikel, wielding a +1 whip of flaming, wearing a +2 robe of fire resistance and carrying a wand of quicksilver (9) (heavily wounded, 77% to hit)
The blast of sand hits Pikel.
Pikel is heavily wounded.
Pikel hits you with a +1 whip of flaming.
* * * LOW HITPOINT WARNING * * *
Pikel burns you.
* * * LOW HITPOINT WARNING * * *
Press: ? - help, v - describe, . - travel
Here: Pikel, wielding a +1 whip of flaming, wearing a +2 robe of fire resistance and carrying a wand of quicksilver (9) (heavily wounded)
The floor.
Unknown command.
As you read the scroll labelled DOFEPP IQUGHIA, it crumbles to dust.
You feel aware of your surroundings.
It was a scroll of magic mapping.
Pikel barely misses you.
Unknown command.
As you read the scroll labelled HIRPHA RINGEOVOU, it crumbles to dust.
Magic quickly surges around you.
It was a scroll of vulnerability.
A lemure comes into view.
Pikel hits you with a +1 whip of flaming.
* * * LOW HITPOINT WARNING * * *
Pikel burns you.
* * * LOW HITPOINT WARNING * * *
It was a potion of attraction.
You feel attractive to monsters. Pikel barely misses you.
The lemure hits you but does no damage. The lemure is attracted toward you.
Unknown command.
As you read the scroll labelled ZEGABI DIYMEI, it crumbles to dust.
You feel strangely unstable.
It was a scroll of teleportation.
The lemure shouts!
The lemure hits you but does no damage. Pikel misses you.
Unknown command.
Pikel attacks as you move away!
Pikel hits you with a +1 whip of flaming.
You die...

#.....# *****,* #.....#
******,,,,,***** #.....#
*,,,,,.,,,,**,,, #.....#
*,,,,..,,,,*,,,,
#.....####,,,...,,,,*,,,,
#......(.#,,....,,,,*,,,*
#.(......#,.....,,,,,,,**
###......#.$....,,,,,,**,
###...@5......,,,,,**,,
#####K5.....,<,,,*⌠,,
*#.####+**,,,**,,
*.#***+***,,,**,
*,.,,,,,***,,,**
*,§.,,,,* **,,,*
*,,..,,,****,,,,
*,,...,,,,**,,,,
*,,,,,,,,,**,,,,


You could see Pikel (weak-willed) and 2 lemures.

Vanquished Creatures
  2 scorpions
  A hound (D:4)
  An iguana (D:4)
  Robin (D:2)
  An adder (D:2)
  A worm (D:2)
  2 dart slugs (D:1)
  10 orcs
  10 ball pythons
  5 bats
  4 endoplasms
  4 giant cockroaches
  14 goblins
  13 hobgoblins
  2 jackals (D:4)
  2 quokkas (D:3)
  2 frilled lizards
  7 kobolds
  6 rats
88 creatures vanquished.

Notes
Turn   | Place    | Note
-------+----------+-------------------------------------------
     0 | D:1      | protoss039 the Demonspawn Earth Elementalist began the
                  | quest for the Orb.
     0 | D:1      | Reached XP level 1. HP: 13/13 MP: 3/3
   559 | D:1      | Found a faded altar of an unknown god.
   636 | D:1      | Gained mutation: You are partially covered in slimy green
                  | scales. (AC +2) [demonic ancestry]
   636 | D:1      | Reached XP level 2. HP: 20/20 MP: 3/5
   753 | D:1      | Reached skill level 1 in Fighting
  1568 | D:1      | Learned a level 2 spell: Passwall
  1612 | D:2      | Gained mutation: You have a small tail. [demonic ancestry]
  1612 | D:2      | Reached XP level 3. HP: 26/26 MP: 4/6
  1759 | D:2      | Found Fiotz's Magic Scroll Emporium.
  1802 | D:2      | Noticed Robin
  2313 | D:2      | Killed Robin
  2574 | D:2      | Bought a scroll of identify for 26 gold pieces
  2797 | D:2      | Learned a level 3 spell: Stone Arrow
  2880 | D:2      | Reached XP level 4. HP: 33/33 MP: 5/8
  3771 | D:3      | Noticed a scorpion
  3780 | D:3      | Killed a scorpion
  3781 | D:3      | Reached skill level 1 in Armour
  3781 | D:3      | Reached skill level 1 in Shields
  3781 | D:3      | Gained mutation: You regenerate magic rapidly. [demonic
                  | ancestry]
  3781 | D:3      | Reached XP level 5. HP: 39/39 MP: 3/9
  4269 | D:4      | Gained mutation: You are mostly covered in slimy green
                  | scales. (AC +3) [demonic ancestry]
  4269 | D:4      | Reached XP level 6. HP: 38/46 MP: 1/10
  4350 | D:4      | Reached skill level 1 in Conjurations
  4472 | D:4      | Found Mobbetai's Distillery.
  4493 | D:4      | Bought a potion of curing for 39 gold pieces
  4493 | D:4      | Bought a potion of degeneration for 13 gold pieces
  4502 | D:4      | Noticed Pikel
  4511 | D:4      | HP: 1/46 [Pikel/+1 whip of flaming (3)]
  4514 | D:4      | Slain by Pikel

Illustrated notes

Levels and vault maps discovered:
D:1:      dpeg_chamrin_arrival_tetris, layout_basic, basic_ecumenical_altar
D:2:      layout_basic, serial_shops, shop_statue, roderic_lattice_a, uniq_robin
D:3:      layout_loops_ring, serial_glass, glass_columns_c, glass_columns_b
D:4:      layout_basic, serial_shops, shop, hellmonk_ghost_happy_afterlife,
          uniq_pikel, uniq_ijyb

Skill      XL: |  1  2  3  4  5  6 |
---------------+-------------------+-----
Fighting       | 1 2 |  2.6
Earth Magic    | 3 |  3.9
Armour         | 1 |  1.6
Shields        | 1 |  1.5
Spellcasting   | 3 |  3.3
Conjurations   | 1 |  1.1
Dodging        | |  1.7
Stealth        | |  1.7
Transmutations | |  0.8

Action                   |  1- 3 |  4- 6 || total
-------------------------+-------+-------++-------
Melee: Unarmed           |    31 |       ||    31
       Tailslap          |     6 |     3 ||     9
       Hand axe          |       |    37 ||    37
       Spear             |       |    10 ||    10
Throw: Dart              |     5 |       ||     5
 Cast: Sandblast         |    65 |    58 ||   123
  Use: Scroll            |       |     8 ||     8
       Potion            |       |     1 ||     1
 Stab: Sleeping          |     2 |     2 ||     4
Armor: Robe              |    11 |       ||    11
       Ring mail         |    35 |       ||    35
       Animal skin       |     1 |    11 ||    12
       Leather armour    |       |    20 ||    20
Dodge: Dodged            |    54 |    40 ||    94
Block: Buckler           |       |    10 ||    10
